 Dungeon Crawl Stone Soup version 0.27.1-1-g398f81649c (webtiles) character file.

Game seed: 4229142723707659510

8 speeev33 the Skirmisher (level 2, -1/27 HPs)
             Began as a Hill Orc Fighter on Sept 17, 2021.
             Slain by a hobgoblin (2 damage)
             ... led by Robin
             ... on level 1 of the Dungeon.
             The game lasted 00:00:55 (691 turns).

speeev33 the Skirmisher (Hill Orc Fighter)           Turns: 691, Time: 00:00:57

Health: -1/27      AC: 11    Str: 18    XL:     2   Next: 8%
Magic:  2/2        EV:  3    Int:  8    God:
Gold:   43         SH:  9    Dex: 10    Spells: 1/1 levels left

rFire    . . .     SeeInvis .   a - +0 war axe (drain)
rCold    . . .     Faith    .   c - +0 kite shield
rNeg     . . .     Spirit   .   f - +0 plate armour
rPois    .         Reflect  .   (no helmet)
rElec    .         Harm     .   (no cloak)
rCorr    .         Rampage  .   (no gloves)
Will     .....                  (no boots)
Stlth    ..........             (no amulet)
HPRegen  0.09/turn              (no ring)
MPRegen  0.08/turn              (no ring)

@: mighty
A: no striking features
a: no special abilities


You were on level 1 of the Dungeon.
You visited 1 branch of the dungeon, and saw 2 of its levels.

You collected 43 gold pieces.

Inventory:

Hand Weapons
 a - a +0 war axe of draining (weapon)
Armour
 c - a +0 kite shield (worn)
 f - a +0 plate armour (worn)
Scrolls
 e - a scroll of noise {unknown}
 g - a scroll of identify {unknown}


   Skills:
 + Level 3.8 Fighting
 + Level 3.0 Axes
 + Level 3.4 Armour
 + Level 3.4 Shields


You had one spell level left.
You didn't know any spells.
Your spell library contained the following spells:

 Spells                   Type           Power      Damage    Failure   Level
 Static Discharge         Conj/Air       0%         N/A       100%        2
 Lightning Bolt           Conj/Air       0%         1d11      100%        5
 Maxwell's Capacitive Co  Air            0%         ∞         100%        8


Dungeon Overview and Level Annotations

Branches:
Dungeon (2/15)

Altars:

Annotations:
D:2 Robin


Message History

You block the goblin's attack. The goblin hits you but does no damage.
The hobgoblin hits you.
Robin roars a battlecry!
The goblins go into a battle-frenzy!
You hear a shout!
You climb upwards.
You feel very sick.
There is a stone staircase leading down here.
You can't go up here!
You closely miss the goblin. You barely miss the goblin. You hit the goblin.
You kill the goblin!
You completely miss the hobgoblin.
You feel very sick. The goblin hits you but does no damage.
You block the goblin's attack. The hobgoblin hits you.
The goblin hits you with a +0 club. You block the goblin's attack.
You barely miss the goblin. You hit the hobgoblin. You hit the goblin.
You kill the goblin!
You feel sick.
The hobgoblin hits you but does no damage.
The goblin hits you with a +0 club.
* * * LOW HITPOINT WARNING * * *
The hobgoblin hits you but does no damage.
Your Axes skill increases to level 3!
You closely miss the goblin. You hit the hobgoblin.
You feel sick. The goblin hits you but does no damage.
The hobgoblin barely misses you. You block the goblin's attack.
The hobgoblin hits you.
* * * LOW HITPOINT WARNING * * *
You feel very mighty all of a sudden.
* * * LOW HITPOINT WARNING * * *
You feel sick. You block the goblin's attack.
The hobgoblin hits you but does no damage.
You closely miss the hobgoblin.
The hobgoblin is heavily wounded.
You closely miss the goblin.
* * * LOW HITPOINT WARNING * * *
You feel sick.
You are no longer poisoned.
You block the goblin's attack. The hobgoblin hits you.
You die...

..######..###..#......#.##.##.#
.#........# #..#..#####.##....#
#.##......# #..#...........####
.#..##....# ##.#.##.###.##.#
#.#...#...# #.#......#.##.#
#..#.....## #..###...#.##.#
.#..#....# ##.............#
.#...#..## #..g.)..#.#.####
..#.....# #.#g@)......#
.......## #.#######.#.#
.....### #.........#.# ######
###########.# ###


You could see a hobgoblin (strong) and a goblin (strong).

Vanquished Creatures
  A bat (D:1)
  An endoplasm (D:1)
  3 goblins (D:1)
  A kobold (D:2)
  A ball python (D:1)
  A rat (D:1)
8 creatures vanquished.

Notes
Turn   | Place    | Note
-------+----------+-------------------------------------------
     0 | D:1      | speeev33 the Hill Orc Fighter began the quest for the Orb.
     0 | D:1      | Reached XP level 1. HP: 19/19 MP: 1/1
    33 | D:1      | Found a faded altar of an unknown god.
   648 | D:2      | Noticed Robin
   655 | D:1      | Reached XP level 2. HP: 24/27 MP: 2/2
   691 | D:1      | HP: 1/27 [poisoned by a goblin]
   691 | D:1      | Slain by a hobgoblin

Illustrated notes

Levels and vault maps discovered:
D:1:      minmay_arrival_radiant_lines, layout_basic,
          ebering_ecumenical_altar_box
D:2:      layout_rooms, uniq_jessica, uniq_robin

Skill      XL: |  1  2 |
---------------+-------+-----
Axes           | 3 |  3.0
Fighting       | |  3.8
Armour         | |  3.4
Shields        | |  3.4

Action                   || total
-------------------------++-------
Melee: War axe           ||    29
  Use: Scroll            ||     1
       Potion            ||     1
Armor: Plate armour      ||    27
       Scale mail        ||     3
Dodge: Dodged            ||    10
Block: Kite shield       ||    19
